 Dungeon Crawl Stone Soup version 0.27-a0-12-g5dcdf963e0 (webtiles) character file.

Game seed: 912136815015405354

1 Conn the Firebug (level 1, 0/11 HPs)
             Began as an Octopode Fire Elementalist on Jan 2, 2021.
             Slain by a jackal (1 damage)
             ... on level 1 of the Dungeon.
             The game lasted 00:00:25 (138 turns).

Conn the Firebug (Octopode Fire Elementalist)        Turns: 138, Time: 00:00:26

Health: 0/11       AC:  1    Str:  7    XL:     1   Next: 20%
Magic:  3/3        EV: 13    Int: 17    God:
Gold:   9          SH:  0    Dex: 12    Spells: 3/4 levels left

rFire    . . .     SeeInvis .   (no weapon)
rCold    . . .     Faith    .   (no shield)
rNeg     . . .     Spirit   .   (helmet restricted)
rPois    .         Reflect  .   (no amulet)
rElec    .         Harm     .   (no ring)
rCorr    .         Rampage  .   (no ring)
Will     .....                  (no ring)
Stlth    +++.......             (no ring)
HPRegen  0.03/turn              (no ring)
MPRegen  0.08/turn              (no ring)
                                (no ring)
                                (no ring)

@: no status effects
A: almost no armour, stealthy swim, amphibious, 8 rings, constrict 8, camouflage
1, gelatinous body 1
a: no special abilities


You were on level 1 of the Dungeon.
You visited 1 branch of the dungeon, and saw 1 of its levels.

You collected 9 gold pieces.

Inventory:

Scrolls
 a - a scroll of blinking {unknown}
 b - 2 scrolls of identify {unknown}
 c - a scroll of fear {unknown}
 d - a scroll of teleportation {unknown}


   Skills:
 + Level 2.0 Dodging
 + Level 2.6 Stealth
 + Level 2.1 Spellcasting
 + Level 1.0 Conjurations
 + Level 3.0 Fire Magic


You had 3 spell levels left.
You knew the following spells:

 Your Spells              Type           Power        Failure   Level
a - Foxfire               Conj/Fire      32%          9%          1

Your spell library contained the following spells:

 Spells                   Type           Power        Failure   Level
 Conjure Flame            Conj/Fire      8%           26%         3
 Inner Flame              Hex/Fire       6%           30%         3
 Sticky Flame             Conj/Fire      8%           63%         4
 Fireball                 Conj/Fire      4%           93%         5


Dungeon Overview and Level Annotations

Branches:
Dungeon (1/15)

Altars:


Innate Abilities, Weirdness & Mutations

You cannot wear most types of armour.
You are very stealthy in the water. (Stealth+)
You are amphibious.
You can wear up to eight rings at the same time.
You can use your tentacles to constrict eight enemies at once.
Your skin changes colour to match your surroundings (Stealth+).
Your rubbery body absorbs attacks. (AC +1, EV +1)


Message History

The jackal is moderately wounded.
The jackal bites you. The jackal misses you.
You closely miss the jackal. Your grab misses the jackal.
The jackal is severely wounded.
The jackal misses you. The jackal bites you. The jackal barely misses you.
You tentacle-slap the jackal.
You kill the jackal!
The jackal bites you.
* * * LOW HITPOINT WARNING * * *
The jackal bites you.
* * * LOW HITPOINT WARNING * * *
Your magical contamination has completely faded away.
It was a potion of magic.
Magic courses through your body. The jackal barely misses you.
The jackal misses you. The jackal barely misses you.
You tentacle-slap the jackal but do no damage.
Your grab misses the jackal.
The jackal is moderately wounded.
The jackal bites you.
You die...

.#.#.........#######
.#...#######........
.###.# #.#######
.###.# #.....#
.....# #...#.#
####.# #.#.#.# #.#
#.#.#.# #.#
#.#.#h####### #..
..#.#@hh..... ###
###.######### #.#
#..


You could see 3 jackals.

Vanquished Creatures
  A jackal (D:1)
1 creature vanquished.

Vanquished Creatures (others)
  2 foxfires (D:1)
2 creatures vanquished.

Grand Total: 3 creatures vanquished

Notes
Turn   | Place    | Note
-------+----------+-------------------------------------------
     0 | D:1      | Conn the Octopode Fire Elementalist began the quest for the
                  | Orb.
     0 | D:1      | Reached XP level 1. HP: 11/11 MP: 3/3
   138 | D:1      | Slain by a jackal

Illustrated notes

Levels and vault maps discovered:
D:1:      dpeg_arrival_pond, layout_loops_ring, roderic_three_in_a_row

Action                   || total
-------------------------++-------
Melee: Unarmed           ||     5
 Cast: Foxfire           ||     2
  Use: Potion            ||     1
Dodge: Dodged            ||     7

Table legend: (Time is in decaauts)
 A = Elapsed time spent in this place.
 B = Non-inter-level travel time spent in this place.
 C = Inter-level travel time spent in this place.
 D = Time resting spent in this place.
 E = Time spent auto-exploring this place.
 F = Levels seen in this place.
 G = Mean time per level.
                   A        B        C        D        E       F      G
               +--------+--------+--------+--------+--------+-----+--------+
         Total |    138 |    138 |      0 |      0 |     90 |   1 |  138.0 |
       Dungeon |    138 |    138 |      0 |      0 |     90 |   1 |  138.0 |
               +--------+--------+--------+--------+--------+-----+--------+

Top non-repeatable levels by time:
     D:1: 138 daAuts
